[Event "Titled Tuesday Blitz June 07 Early 2022"]
[White "Hansch, Karsten"]
[Black "Nakamura, Hikaru"]
[WhiteFideId "24692239"]
[BlackFideId "2016192"]
[WhiteElo "2358"]
[BlackElo "2850"]
[Result "0-1"]
[Round "01"]
[TimeControl "180+1"]
[Date "2022.06.07"]
[WhiteClock "0:00:07"]
[BlackClock "0:00:44"]

1. e4 g6 2. d4 Bg7 3. Nc3 a6 4. a4 b6 5. Nf3 Bb7 6. Bd3 d6 7. O-O e6 8. Re1 h6 9. Ne2 Nd7 10. c3 e5 11. Ng3 Ngf6 12. h3 O-O 13. Be3 exd4 14. cxd4 c5 15. Qd2 Kh7 16. Rad1 Re8 17. Bf4 Qc7 18. d5 c4 19. Bc2 b5 20. h4 Ng4 21. h5 Nde5 22. Nd4 Nd3 23. hxg6+ fxg6 24. Ne6 Rxe6 25. dxe6 Nxe1 26. Qxe1 Ne5 27. axb5 axb5 28. Qb4 Re8 29. Qxd6 Qxd6 30. Rxd6 Bc8 31. Rd5 Nd3 32. Bxd3 cxd3 33. Rxb5 Rxe6 34. Rd5 Ba6 35. b4 Bc4 36. Rd7 Kg8 37. Bd2 Ra6 38. f3 Ra2 39. Nf1 Bf8 40. Rd4 Rc2 41. Ne3 Rxd2 42. Nxc4 Rd1+ 43. Kf2 Bxb4 44. Rd8+ Kg7 45. Ne5 d2 46. Nc4 h5 47. Rd7+ Kf6 48. Ne3 Bc5 49. Rd5 Ba7 50. e5+ Ke6 51. Rd3 Re1 0-1


[Site "https://www.chess.com"]

[Event "Titled Tuesday Blitz June 07 Early 2022"]
[White "Harvey, Marcus R"]
[Black "Bintang, Rasyid A. Hidayat"]
[WhiteFideId "400092"]
[BlackFideId "7105355"]
[WhiteElo "2485"]
[BlackElo "2406"]
[Result "1-0"]
[Round "01"]
[TimeControl "180+1"]
[Date "2022.06.08"]
[WhiteClock "0:00:12"]
[BlackClock "0:00:01"]

1. d4 d5 2. c4 Nc6 3. Nf3 Bg4 4. cxd5 Bxf3 5. gxf3 Qxd5 6. e3 e5 7. Nc3 Bb4 8. Bd2 Bxc3 9. bxc3 Qd6 10. Qb3 O-O-O 11. Rb1 b6 12. Rg1 g6 13. Qxf7 Nh6 14. Qc4 Nf5 15. d5 Na5 16. Qa6+ Nb7 17. e4 Nh4 18. Rg3 Kb8 19. Bg5 h6 20. Be3 Rhf8 21. Be2 g5 22. Rb4 Nc5 23. Qb5 Ka8 24. Rc4 a6 25. Qb4 Nb7 26. Qa4 b5 27. Qb3 bxc4 28. Bxc4 Na5 29. Qa4 Nxc4 30. Qxc4 Nxf3+ 31. Ke2 Nh4 32. Bc5 Qf6 33. Bxf8 Rxf8 34. Qc5 Rb8 35. Qa3 Ka7 36. c4 Qb6 37. Rb3 Qd4 38. Rxb8 Qxc4+ 39. Kd2 Kxb8 40. Qb2+ Kc8 41. Qa3 Qd4+ 42. Kc1 Qxf2 43. Qxa6+ Kd8 44. Qe6 Qc5+ 45. Kd1 Qd6 46. Qg8+ Ke7 47. a4 Qf6 48. a5 Qf3+ 49. Kc1 Qc3+ 50. Kd1 Qxa5 51. Qe6+ Kd8 52. Qg8+ Kd7 53. Qe6+ Kd8 54. Qg8+ Ke7 55. Qe6+ Kf8 56. Qxh6+ Kf7 57. Qe6+ Kg7 58. Qxe5+ Kh6 59. Qh8+ Kg6 60. Qg8+ Kf6 61. Qe6+ Kg7 62. Qe7+ Kh8 63. Qf6+ Kh7 64. Qxg5 Qa1+ 65. Ke2 Qb2+ 66. Kd3 Ng6 67. Qe7+ Qg7 68. Qe6 Qh6 69. Qd7+ Qg7 70. Qh3+ Qh6 71. Qg3 Kg7 72. Qxc7+ Kg8 73. Qg3 Qg7 74. Qb8+ Kh7 75. Qg3 Ne5+ 76. Kd4 Ng6+ 77. e5 Ne7 78. Qxg7+ Kxg7 79. d6 Nf5+ 80. Ke4 Nh6 81. d7 Nf7 82. e6 Nd6+ 83. Kd5 1-0


[Site "https://www.chess.com"]

[Event "Titled Tuesday Blitz June 07 Early 2022"]
[White "Jain, Naveen"]
[Black "Rodrigue-Lemieux, Shawn"]
[WhiteFideId "5003970"]
[BlackFideId "2620049"]
[WhiteElo "2036"]
[BlackElo "1763"]
[Result "0-1"]
[Round "01"]
[TimeControl "180+1"]
[Date "2022.06.07"]
[WhiteClock "0:00:36"]
[BlackClock "0:01:21"]

1. c4 e6 2. g3 Nf6 3. Bg2 d5 4. Nf3 Be7 5. O-O O-O 6. b3 d4 7. d3 c5 8. e3 Nc6 9. exd4 cxd4 10. Re1 Re8 11. Ba3 Nd7 12. Bxe7 Qxe7 13. a3 a5 14. Nbd2 e5 15. Ne4 h6 16. b4 axb4 17. axb4 Rxa1 18. Qxa1 Nxb4 19. Qb1 Nc6 20. Ned2 Nc5 21. Nb3 Nxb3 22. Qxb3 Qc5 23. Qb5 Qa3 24. Nxd4 Qc3 25. Re4 Qc1+ 0-1


[Site "https://www.chess.com"]

[Event "Titled Tuesday Blitz June 07 Early 2022"]
[White "Jobava, Baadur"]
[Black "Ezat, Mohamed"]
[WhiteFideId "13601520"]
[BlackFideId "10600906"]
[WhiteElo "2617"]
[BlackElo "2386"]
[Result "1-0"]
[Round "01"]
[TimeControl "180+1"]
[Date "2022.06.07"]
[WhiteClock "0:01:17"]
[BlackClock "0:00:03"]

1. b3 e5 2. Bb2 Nc6 3. Nf3 Bd6 4. e3 Nf6 5. d4 exd4 6. Nxd4 Nxd4 7. Qxd4 O-O 8. Nc3 Re8 9. O-O-O Be5 10. Qh4 d6 11. Bd3 h6 12. f4 Bxc3 13. Bxc3 Ng4 14. Qxd8 Rxd8 15. Rde1 Nf2 16. Rhg1 Nxd3+ 17. cxd3 b6 18. g4 a5 19. h4 a4 20. b4 c5 21. Kd2 d5 22. bxc5 bxc5 23. d4 cxd4 24. Bxd4 Ba6 25. h5 Bc4 26. g5 hxg5 27. Rxg5 Kf8 28. Bxg7+ Ke7 29. Re5+ Kd6 30. a3 Rab8 31. Rg5 Rb3 32. h6 Rd3+ 33. Kc1 Rc8 34. Re2 Rxa3 35. Rc2 Rxe3 36. Rh5 Re1+ 37. Kb2 Rb8+ 38. Kc3 Rb3+ 39. Kd2 Re2+ 40. Kd1 Rb1+ 41. Rc1 Rxc1+ 42. Kxc1 Bd3 43. h7 Bxh7 44. Rxh7 Re4 45. Be5+ Ke6 46. Rh6+ Ke7 47. Kd2 a3 48. Ra6 d4 49. Kd3 Re3+ 50. Kxd4 Rb3 51. Bd6+ Ke6 52. Bxa3+ Kf5 53. Bd6 f6 54. Ra5+ Kg4 55. Kd5 Kf5 56. Kc6+ Ke6 57. f5+ Kf7 58. Ra7+ Kg8 59. Kd5 Re3 60. Re7 Rd3+ 61. Ke6 Rh3 62. Re8+ Kg7 63. Re7+ Kg8 64. Kxf6 Rh6+ 65. Ke5 Rh7 66. Rxh7 Kxh7 67. Ke6 Kg8 68. f6 Kh7 69. f7 Kg7 70. f8=Q+ Kh7 71. Qf7+ Kh6 72. Bf4# 1-0


[Site "https://www.chess.com"]

[Event "Titled Tuesday Blitz June 07 Early 2022"]
[White "Kalajzic, Ivan"]
[Black "Yuan, Qingyu"]
[WhiteFideId "14506378"]
[BlackFideId "8609772"]
[WhiteElo "2163"]
[BlackElo "2359"]
[Result "0-1"]
[Round "01"]
[TimeControl "180+1"]
[Date "2022.06.08"]
[WhiteClock "0:00:04"]
[BlackClock "0:00:12"]

1. b3 d5 2. Bb2 c5 3. e3 Nf6 4. Nf3 g6 5. Bb5+ Nbd7 6. O-O Bg7 7. d3 O-O 8. Bxd7 Bxd7 9. Nbd2 b6 10. Ne5 Bc8 11. Qe2 Bb7 12. e4 Qc7 13. f4 Rad8 14. Rae1 Rfe8 15. Ng4 d4 16. Nxf6+ exf6 17. Qf2 Re7 18. a4 Rde8 19. Nc4 a6 20. a5 b5 21. Nb6 Bc6 22. b4 cxb4 23. Bxd4 Bb7 24. Bc5 Re6 25. Re2 f5 26. e5 f6 27. d4 fxe5 28. fxe5 Be4 29. Bxb4 Rd8 30. Bc5 Rc6 31. Qf4 Rxc5 32. dxc5 Bxe5 33. Qh4 Qxc5+ 34. Kh1 Qc7 35. Rxe4 fxe4 36. Qxe4 Kg7 37. Nd5 Qd6 38. Ne3 Qd4 39. Nf5+ gxf5 40. Qxf5 Bf6 41. h3 Qe5 42. Qg4+ Qg5 43. Qe4 Rd7 44. Qc6 Re7 45. Qxa6 h5 46. Qc6 Be5 47. a6 Qg3 48. Kg1 Bd4+ 49. Kh1 Be5 50. Kg1 Qh2+ 51. Kf2 Rf7+ 52. Ke2 Re7 53. Kd3 Qg3+ 54. Kd2 Qg5+ 55. Kd1 Qe3 56. Re1 Qd4+ 57. Kc1 Qa1+ 58. Kd2 Bf4+ 59. Kd3 Qxe1 60. Qc3+ Qxc3+ 61. Kxc3 Ra7 62. Kb4 Be5 63. Kxb5 Bd4 64. c4 Kf6 65. c5 Bxc5 66. Kxc5 Rxa6 0-1


[Site "https://www.chess.com"]

[Event "Titled Tuesday Blitz June 07 Early 2022"]
[White "Khanin, Semen"]
[Black "Toncheva, Nadya"]
[WhiteFideId "4111990"]
[BlackFideId "2924056"]
[WhiteElo "2442"]
[BlackElo "1888"]
[Result "0-1"]
[Round "01"]
[TimeControl "180+1"]
[Date "2022.06.08"]
[WhiteClock "0:00:20"]
[BlackClock "0:00:03"]

1. e4 Nf6 2. e5 Nd5 3. c4 Nb6 4. d4 d6 5. exd6 exd6 6. Nc3 g6 7. h3 Bg7 8. Nf3 O-O 9. Be2 Re8 10. O-O Be6 11. b3 d5 12. c5 Nc8 13. Bf4 Nd7 14. b4 c6 15. a4 Ne7 16. Re1 b6 17. Ba6 bxc5 18. Bb7 cxd4 19. Nxd4 Qb6 20. Nxe6 Qxb7 21. Nxg7 Kxg7 22. Qd4+ Kg8 23. Bg5 Nf5 24. Qf4 f6 25. Bxf6 Nxf6 26. g4 Rxe1+ 27. Rxe1 Qb8 28. Qg5 Qxb4 29. Qxf6 Rf8 30. Qe5 Nh4 31. Qe6+ Kh8 32. Qe7 Nf3+ 33. Kh1 Qf4 34. Kg2 Nxe1+ 35. Qxe1 Qf3+ 36. Kg1 Qxh3 37. Qe5+ Kg8 38. Qe6+ Rf7 39. Qe8+ Kg7 40. Qe5+ Kh6 41. g5+ Kh5 42. Ne2 Qg4+ 43. Ng3+ Kh4 44. Qe1 Rxf2 45. Kh1 Qh3+ 0-1


[Site "https://www.chess.com"]

[Event "Titled Tuesday Blitz June 07 Early 2022"]
[White "Kozak, Adam"]
[Black "Karavade, Eesha"]
[WhiteFideId "753246"]
[BlackFideId "5012600"]
[WhiteElo "2459"]
[BlackElo "2258"]
[Result "1-0"]
[Round "01"]
[TimeControl "180+1"]
[Date "2022.06.07"]
[WhiteClock "0:01:38"]
[BlackClock "0:00:11"]

1. Nf3 d5 2. d4 Nf6 3. Bf4 c5 4. e3 Nc6 5. Nbd2 cxd4 6. exd4 Qb6 7. Nb3 Bg4 8. Be2 e6 9. h3 Bxf3 10. Bxf3 a5 11. a4 Bb4+ 12. c3 Be7 13. O-O O-O 14. Be2 Rac8 15. Bb5 Na7 16. Bd3 Nc6 17. Re1 Rfe8 18. Bb5 Red8 19. Rb1 Na7 20. Bd3 Nc6 21. Bc2 g6 22. Qe2 Ne8 23. Nd2 Bd6 24. Be3 Ne7 25. Bd3 Kg7 26. h4 Nf6 27. Bg5 Neg8 28. Nf3 h6 29. Be3 Re8 30. Ne5 h5 31. Bg5 Rc7 32. Qf3 Bxe5 33. Rxe5 Ng4 34. Re2 f6 35. Bf4 Rf7 36. Bb5 Ree7 37. Bg3 Qd8 38. Rbe1 e5 39. dxe5 fxe5 40. Qd3 e4 41. Rxe4 Rxe4 42. Rxe4 Qf6 43. Qxd5 Ne7 44. Qe6 Qxe6 45. Rxe6 Nf5 46. Be2 Nxg3 47. fxg3 Nf6 48. Bf3 Rd7 49. Rb6 Rd2 50. Rxb7+ Kh6 51. Rb6 Ng4 52. Bxg4 hxg4 53. Kh2 Rc2 54. Rb5 Kg7 55. c4 Kh6 56. b3 Rb2 57. c5 1-0


[Site "https://www.chess.com"]

[Event "Titled Tuesday Blitz June 07 Early 2022"]
[White "Kozin, Yuri"]
[Black "Grischuk, Alexander"]
[WhiteFideId "4129920"]
[BlackFideId "4126025"]
[WhiteElo "2538"]
[BlackElo "2762"]
[Result "0-1"]
[Round "01"]
[TimeControl "180+1"]
[Date "2022.06.07"]
[WhiteClock "0:01:14"]
[BlackClock "0:01:16"]

1. e4 e6 2. d4 d5 3. Nd2 c5 4. Ngf3 cxd4 5. Nxd4 Nf6 6. Bd3 Bc5 7. N4b3 Bb6 8. Qe2 Nc6 9. O-O O-O 10. c3 Qc7 11. a4 a5 12. h3 Ne5 13. exd5 exd5 14. Nf3 Nxd3 15. Qxd3 Bxh3 16. Bg5 Qg3 0-1


[Site "https://www.chess.com"]

[Event "Titled Tuesday Blitz June 07 Early 2022"]
[White "Lazavik, Denis"]
[Black "Kuderinov, Kirill"]
[WhiteFideId "13515110"]
[BlackFideId "13701568"]
[WhiteElo "2437"]
[BlackElo "2432"]
[Result "1-0"]
[Round "01"]
[TimeControl "180+1"]
[Date "2022.06.07"]
[WhiteClock "0:02:19"]
[BlackClock "0:02:34"]

1. d4 d5 2. c4 Nf6 3. cxd5 Nxd5 4. e4 Nf6 5. Nc3 e6 6. Nf3 Be7 7. Bd3 h6 8. O-O b6 9. Qe2 O-O 10. e5 Nd5 11. Qe4 f5 12. exf6 Bxf6 13. Bxh6 Bb7 14. Bxg7 Bxg7 15. Qh7+ Kf7 16. Ne5+ 1-0


[Site "https://www.chess.com"]

[Event "Titled Tuesday Blitz June 07 Early 2022"]
[White "Lehtosaari, Mauri"]
[Black "Kamsky, Gata"]
[WhiteFideId "501999"]
[BlackFideId "2000024"]
[WhiteElo "2503"]
[BlackElo "2645"]
[Result "0-1"]
[Round "01"]
[TimeControl "180+1"]
[Date "2022.06.07"]
[WhiteClock "0:00:02"]
[BlackClock "0:00:36"]

1. d4 d5 2. Nf3 Nf6 3. Bg5 Ne4 4. Bf4 Bf5 5. c3 c6 6. Nbd2 e6 7. e3 Bd6 8. Bxd6 Nxd6 9. Qb3 O-O 10. Be2 Qb6 11. O-O Nd7 12. c4 Ne4 13. Nxe4 Bxe4 14. Nd2 Bg6 15. Rfc1 Rfe8 16. f4 a5 17. Nf3 Bh5 18. c5 Qc7 19. Qc2 Bg6 20. Bd3 Bxd3 21. Qxd3 Nf6 22. b3 Ne4 23. Nd2 Nxd2 24. Qxd2 f6 25. a3 e5 26. fxe5 fxe5 27. b4 exd4 28. exd4 h6 29. Re1 Rxe1+ 30. Rxe1 axb4 31. Qxb4 Rf8 32. Qd2 Qf4 33. Qb2 Rf7 34. h3 g6 35. Kh1 Kg7 36. Qc3 Qf2 37. a4 h5 38. a5 Rf4 39. Re7+ Kh6 40. Qc1 Qf1+ 41. Qxf1 Rxf1+ 42. Kh2 Rb1 43. Rc7 Rb4 44. a6 bxa6 45. Rxc6 a5 46. Rd6 Rxd4 47. Ra6 a4 48. c6 Rc4 49. Kg3 Kg5 50. Kf3 Kf5 51. Ke3 Ke5 52. Kd3 g5 53. c7 Rxc7 54. Rxa4 Rb7 55. Ra2 Rb3+ 56. Ke2 h4 57. Rd2 Rg3 58. Kf2 d4 59. Re2+ Kd5 60. Re8 d3 61. Rd8+ Kc4 62. Rc8+ Kd4 63. Rd8+ Kc3 64. Rc8+ Kd2 65. Ra8 Kd1 66. Ra1+ Kc2 67. Ra2+ Kb3 68. Rd2 Kc3 69. Ke1 Re3+ 70. Kd1 Re5 71. Ra2 Rb5 72. Ra3+ Rb3 73. Ra4 Rb1# 0-1


[Site "https://www.chess.com"]

[Event "Titled Tuesday Blitz June 07 Early 2022"]
[White "Lianes Garcia, Marcos"]
[Black "Odegov, Artem"]
[WhiteFideId "32060777"]
[BlackFideId "34183644"]
[WhiteElo "2310"]
[BlackElo "2286"]
[Result "1-0"]
[Round "01"]
[TimeControl "180+1"]
[Date "2022.06.08"]
[WhiteClock "0:00:18"]
[BlackClock "0:00:09"]

1. e4 e6 2. g3 d5 3. Bg2 Nf6 4. e5 Nfd7 5. d4 c5 6. c3 Nc6 7. Ne2 Be7 8. O-O O-O 9. f4 b5 10. f5 exf5 11. Bxd5 Bb7 12. Bg2 cxd4 13. cxd4 Qb6 14. Nbc3 a6 15. Nd5 Qa7 16. Be3 Rfd8 17. Qd2 Nb6 18. Nxe7+ Nxe7 19. b3 Bxg2 20. Kxg2 Nbd5 21. Rfd1 Rac8 22. Rac1 Qb7 23. Kf2 b4 24. Rxc8 Rxc8 25. Rc1 h6 26. h4 Kf8 27. Rc4 Nb6 28. Qxb4 Rb8 29. Rc1 Kg8 30. Qd6 Ned5 31. Bd2 Re8 32. Qc6 Qe7 33. Qc5 Qe6 34. Qd6 Qxd6 35. exd6 Rd8 36. Rc6 Nd7 37. Rxa6 N7f6 38. Ba5 Ne4+ 39. Kg1 Rxd6 40. Rxd6 Nxd6 41. Nc3 Ne3 42. Kf2 Ng4+ 43. Kf3 g5 44. Bc7 Nb7 45. a4 Nf6 46. a5 Ne8 47. Bb6 Nbd6 48. a6 Nc8 49. Bc5 Nc7 50. a7 f6 51. b4 Kf7 52. b5 Ke6 53. b6 Nxb6 54. Bxb6 Na8 55. Bc5 g4+ 56. Kf4 h5 57. d5+ Kf7 58. Kxf5 Nc7 59. Bb6 Na8 60. Ba5 Kg7 61. Ke6 Kg6 62. d6 f5 63. Nd5 f4 64. Nxf4+ Kh7 65. d7 Kg8 66. d8=Q+ Kg7 67. Qe7+ Kh6 68. Qf6+ Kh7 69. Qf7+ Kh8 70. Ng6# 1-0


[Site "https://www.chess.com"]

[Event "Titled Tuesday Blitz June 07 Early 2022"]
[White "Livaic, Leon"]
[Black "Lamaze, Simon"]
[WhiteFideId "14531534"]
[BlackFideId "36069264"]
[WhiteElo "2540"]
[BlackElo "2090"]
[Result "1/2-1/2"]
[Round "01"]
[TimeControl "180+1"]
[Date "2022.06.07"]
[WhiteClock "0:00:10"]
[BlackClock "0:00:09"]

1. d4 Nf6 2. c4 e6 3. Nf3 b6 4. g3 Ba6 5. Qc2 c5 6. d5 exd5 7. cxd5 Bb7 8. Bg2 Nxd5 9. Qb3 Nf6 10. Ne5 d5 11. Nc3 Be7 12. Bg5 O-O 13. Rd1 Nbd7 14. Nxd7 Nxd7 15. Bxe7 Qxe7 16. Bxd5 Rab8 17. O-O Nf6 18. Bxb7 Qxb7 19. Rd2 b5 20. Rfd1 c4 21. Qb4 Qb6 22. Rd6 a5 23. Qa3 Qc7 24. Nd5 Nxd5 25. R1xd5 b4 26. Qxa5 Qxa5 27. Rxa5 Rfc8 28. Rd2 c3 29. Rc2 h6 30. Kg2 Kh7 31. bxc3 Rxc3 32. Rxc3 bxc3 33. Rc5 Rb2 34. Rxc3 Rxa2 35. e4 h5 36. h3 g6 37. Kf3 Kg7 38. g4 hxg4+ 39. hxg4 Rb2 40. g5 Ra2 41. Kg3 Re2 42. Rc4 Rb2 43. f4 Rb1 44. Kf3 Rf1+ 45. Ke3 Re1+ 46. Kd4 Ra1 47. Rc5 Rd1+ 48. Ke5 Rd8 49. f5 gxf5 50. exf5 Rd1 51. Rc7 Re1+ 52. Kd6 Rf1 53. Rc5 Rd1+ 54. Rd5 Ra1 55. Ke7 Re1+ 56. Kd7 Ra1 57. Ke8 Re1+ 58. Kd8 Ra1 59. Rd7 Rf1 60. Rd5 Ra1 61. Kd7 Re1 62. Kd6 Ra1 63. Ke5 Re1+ 64. Kd6 Ra1 1/2-1/2


[Site "https://www.chess.com"]

[Event "Titled Tuesday Blitz June 07 Early 2022"]
[White "Liyanage, Ranindu Dilshan"]
[Black "Chuemsakul, Sarocha"]
[WhiteFideId "9915834"]
[BlackFideId "6203710"]
[WhiteElo "1858"]
[BlackElo "1697"]
[Result "0-1"]
[Round "01"]
[TimeControl "180+1"]
[Date "2022.06.08"]
[WhiteClock "0:00:02"]
[BlackClock "0:00:02"]

1. e4 c5 2. Nf3 d6 3. d4 cxd4 4. Nxd4 Nf6 5. Nc3 a6 6. h3 e5 7. Nb3 Be6 8. f4 Qc7 9. f5 Bc4 10. Bg5 Nbd7 11. Qf3 Rc8 12. O-O-O Be7 13. g4 b5 14. Rh2 b4 15. Nb1 Bxf1 16. Rxf1 a5 17. Be3 a4 18. Na1 Qc6 19. Nd2 a3 20. bxa3 Qc3 21. Ndb3 bxa3 22. g5 Qb2+ 23. Kd1 Ng8 24. Rd2 h6 25. f6 gxf6 26. gxh6 Qxa2 27. c3 Qb1+ 28. Ke2 a2 29. Qg4 Bf8 30. Rc1 Nxh6 31. Qf3 Ng8 32. Rdd1 Qb2+ 33. Rd2 Qa3 34. Rcc2 Ra8 35. c4 Ne7 36. c5 Nxc5 37. Bxc5 dxc5 38. Qxf6 Rxh3 39. Qd6 Rh2+ 40. Kf1 Rxd2 41. Qxd2 Rd8 42. Qe3 Ng6 43. Qc3 Bh6 44. Qc4 Rd1+ 45. Ke2 Rd8 46. Qb5+ Kf8 47. Qb6 Re8 48. Nxc5 Nf4+ 49. Kd2 Kg7 50. Nab3 a1=Q 51. Nxa1 Qxa1 52. Rc1 Qa2+ 53. Ke1 Rc8 54. Qb5 Rb8 55. Qf1 Rb2 56. Qg1+ Kh7 57. Kf1 Rf2+ 58. Qxf2 Qc4+ 59. Qe2 Qxc5 60. Qe3 Qxe3 0-1


[Site "https://www.chess.com"]

[Event "Titled Tuesday Blitz June 07 Early 2022"]
[White "Maghsoodloo, Parham"]
[Black "Golubovskis, Maksims"]
[WhiteFideId "12539929"]
[BlackFideId "11608528"]
[WhiteElo "2607"]
[BlackElo "2102"]
[Result "1-0"]
[Round "01"]
[TimeControl "180+1"]
[Date "2022.06.07"]
[WhiteClock "0:01:58"]
[BlackClock "0:00:36"]

1. d4 Nf6 2. c4 e6 3. Nf3 d5 4. Nc3 Bb4 5. Bg5 h6 6. Bxf6 Qxf6 7. Qb3 Bxc3+ 8. Qxc3 c6 9. g3 O-O 10. Bg2 Nd7 11. O-O dxc4 12. a4 a5 13. Qxc4 e5 14. Rfd1 exd4 15. Nxd4 Ne5 16. Qc3 Bg4 17. h3 Bh5 18. f4 Nd7 19. g4 Bg6 20. f5 Bh7 21. Nxc6 bxc6 22. Rxd7 Qg5 23. e4 h5 24. Qg3 hxg4 25. Qxg4 Qe3+ 26. Kh1 Rab8 27. Ra3 Qc1+ 28. Kh2 Qxb2 29. Qg3 Rfe8 30. Rad3 Qa1 31. Qxb8 1-0


[Site "https://www.chess.com"]

[Event "Titled Tuesday Blitz June 07 Early 2022"]
[White "Maiorov, Nikita"]
[Black "Moiseenko, Alexander"]
[WhiteFideId "13501720"]
[BlackFideId "14102560"]
[WhiteElo "2417"]
[BlackElo "2577"]
[Result "1-0"]
[Round "01"]
[TimeControl "180+1"]
[Date "2022.06.07"]
[WhiteClock "0:00:48"]
[BlackClock "0:00:01"]

1. d4 Nf6 2. c4 c5 3. d5 b5 4. cxb5 a6 5. bxa6 e6 6. Nc3 exd5 7. Nxd5 Be7 8. e4 O-O 9. Bc4 Bxa6 10. Bxa6 Nxa6 11. Nf3 Nxd5 12. Qxd5 Qa5+ 13. Bd2 Qb5 14. a4 Qxb2 15. O-O d6 16. Rfb1 Qc2 17. Ne1 Nc7 18. Nxc2 Nxd5 19. exd5 Bf6 20. Ra3 Rfb8 21. Rab3 Rxb3 22. Rxb3 h5 23. a5 c4 24. Rb5 c3 25. Be3 Bd8 26. Kf1 Bxa5 27. Bd4 f6 28. Ke2 Kh7 29. Kd3 Kg6 30. Bxc3 Bxc3 31. Kxc3 Re8 32. Kd3 Re5 33. Ne3 f5 34. Rb6 f4 35. Rxd6+ Kg5 36. Nc4 Re1 37. Re6 Rd1+ 38. Nd2 Kf5 39. Re2 Ra1 40. d6 Ra5 41. Nc4 Rd5+ 42. Kc3 g5 43. Rd2 1-0


[Site "https://www.chess.com"]

[Event "Titled Tuesday Blitz June 07 Early 2022"]
[White "Maltsevskaya, Aleksandra"]
[Black "Djabri,Massinas"]
[WhiteFideId "24174041"]
[BlackFideId "7905726"]
[WhiteElo "2243"]
[BlackElo "1941"]
[Result "0-1"]
[Round "01"]
[TimeControl "180+1"]
[Date "2022.06.08"]
[WhiteClock "0:00:03"]
[BlackClock "0:00:16"]

1. e4 e5 2. Nf3 Nc6 3. Bb5 Nf6 4. Bxc6 dxc6 5. d3 Bd6 6. Nbd2 O-O 7. O-O Qe7 8. Kh1 Nd7 9. Ng1 f6 10. Ne2 Nc5 11. Ng3 g6 12. Nc4 Ne6 13. Bh6 Rd8 14. Ne3 Nf4 15. Ne2 g5 16. Ng3 Qf7 17. Ngf5 Bc5 18. Bxg5 Qg6 19. Bxf4 exf4 20. Ng4 Bxf5 21. exf5 Qg5 22. f3 h5 23. Nf2 Qxf5 24. Ne4 Be3 25. Qe2 Kh8 26. Rae1 Rg8 27. c4 c5 28. b4 b6 29. bxc5 bxc5 30. Qb2 Rg6 31. g4 hxg4 32. fxg4 Qxg4 33. Nxf6 Qh3 34. Nd5+ Bd4 35. Nxf4 Qxf1+ 36. Rxf1 Bxb2 37. Nxg6+ Kg7 38. Nf4 Re8 39. Kg2 Bd4 40. Rf3 Re1 41. h4 Ra1 42. Ne6+ Kg6 43. Nxc7 Rxa2+ 44. Kh3 a5 45. Nb5 Be5 46. Re3 Kf5 47. Rf3+ Bf4 48. Nd6+ Ke5 49. Nf7+ Kf5 50. Nh6+ Ke5 51. Ng4+ Kf5 52. Nf2 a4 53. h5 Kg5 54. h6 Be5 55. h7 Kg6 56. Rg3+ Kxh7 57. Rf3 a3 58. Ng4 Bg7 59. Ne3 Ra1 60. Rf2 a2 61. Nf5 Rh1+ 62. Kg4 a1=Q 63. Kf4 Qe5+ 64. Kg5 Rg1+ 65. Kh5 Qe8+ 66. Kh4 Bf6+ 67. Kh3 Qh5+ 0-1


[Site "https://www.chess.com"]

[Event "Titled Tuesday Blitz June 07 Early 2022"]
[White "Martin Carmona, Gaston Manuel"]
[Black "Terry, Renato"]
[WhiteFideId "22284567"]
[BlackFideId "3803457"]
[WhiteElo "2162"]
[BlackElo "2577"]
[Result "1/2-1/2"]
[Round "01"]
[TimeControl "180+1"]
[Date "2022.06.07"]
[WhiteClock "0:00:15"]
[BlackClock "0:00:22"]

1. d4 e6 2. c4 Bb4+ 3. Bd2 c5 4. Bxb4 cxb4 5. Nf3 Nf6 6. a3 bxa3 7. Rxa3 O-O 8. Nc3 Nc6 9. e3 d6 10. Be2 e5 11. O-O a5 12. Rb3 Nb4 13. dxe5 dxe5 14. Nxe5 Qe7 15. Nf3 Rd8 16. Nd4 Ra6 17. Qb1 g6 18. h3 h5 19. Rd1 Rad6 20. Bf3 Qe5 21. Ncb5 R6d7 22. Ra3 b6 23. Ra1 Nh7 24. Qe4 Qc5 25. Rac1 Ng5 26. Qf4 Nxf3+ 27. Qxf3 Bb7 28. Qg3 Be4 29. b3 Na2 30. Ra1 Nb4 31. Qf4 Qe7 32. Rac1 Nd3 33. Rxd3 Bxd3 34. Nc6 Qe4 35. Qxe4 Bxe4 36. Nxd8 Rxd8 37. Nd4 Rc8 38. f3 Bb7 39. Kf2 h4 40. Rd1 a4 41. Rb1 axb3 42. Rxb3 Rxc4 43. Rxb6 Bc8 44. Rb8 Kg7 45. Rb2 Bd7 46. Rd2 Ra4 47. e4 g5 48. Ke3 Ra3+ 49. Rd3 Ra2 50. Rd2 Ra3+ 51. Kf2 Kf6 52. Ne2 Bb5 53. Nd4 Bd7 54. Nc2 Ra7 55. Ne3 Be6 56. Nd5+ Ke5 57. Ne3 Ra4 58. Rb2 Kf4 59. Nf1 Ra3 60. Nd2 Rd3 61. Nf1 Ra3 62. Rd2 Rb3 63. Nh2 Ra3 64. Ng4 Bxg4 65. fxg4 Kxe4 66. Rd7 f6 67. Rd6 Ra2+ 68. Kg1 Ke5 69. Rd3 Rb2 70. Rf3 Ke6 71. Rf1 Re2 72. Rf3 Ke5 73. Rf1 Re3 74. Rf2 Rd3 75. Rf1 Ke6 76. Rf2 Ra3 77. Rf1 Ra2 78. Rf2 Rxf2 79. Kxf2 Kd5 80. Ke2 Ke4 81. Kf2 Kf4 82. Kf1 Ke3 83. Ke1 Kd3 84. Kd1 Kd4 85. Kd2 Ke4 86. Ke2 Kd4 87. Kd2 Kc5 88. Ke3 Kd5 89. Kd3 Ke5 90. Ke3 Kd5 91. Kd3 Ke5 92. Ke3 f5 93. gxf5 Kxf5 94. Kf3 Kf6 95. Kg4 Kg6 96. g3 hxg3 97. Kxg3 Kh5 98. h4 g4 99. Kg2 Kxh4 100. Kh2 Kg5 101. Kg3 Kf5 102. Kg2 Kf4 103. Kf2 Kg5 104. Kg3 Kh5 105. Kg2 Kh4 106. Kh2 g3+ 107. Kg2 Kg4 108. Kg1 Kf3 109. Kf1 Kf4 110. Kg2 Kg4 111. Kg1 Kh3 112. Kh1 g2+ 113. Kg1 Kg3 1/2-1/2


[Site "https://www.chess.com"]

[Event "Titled Tuesday Blitz June 07 Early 2022"]
[White "Mikhalsky, Vladimir"]
[Black "Indjic, Aleksandar"]
[WhiteFideId "14144352"]
[BlackFideId "911925"]
[WhiteElo "2301"]
[BlackElo "2616"]
[Result "1-0"]
[Round "01"]
[TimeControl "180+1"]
[Date "2022.06.07"]
[WhiteClock "0:01:23"]
[BlackClock "0:00:52"]

1. d4 Nf6 2. g3 d5 3. Bg2 Bf5 4. Nf3 h6 5. O-O e6 6. c4 c6 7. Nc3 Nbd7 8. b3 Qa5 9. Bb2 Ba3 10. Qc1 Bxb2 11. Qxb2 O-O 12. a3 Qc7 13. Rfd1 Rfe8 14. Rac1 a6 15. h3 Bh7 16. e3 Rac8 17. Ne2 Qb8 18. Nf4 Ne4 19. Nd2 Nxd2 20. Rxd2 Nf6 21. b4 Be4 22. Nd3 1-0


[Site "https://www.chess.com"]

[Event "Titled Tuesday Blitz June 07 Early 2022"]
[White "Nurmanova, Alua"]
[Black "Xiong, Jeffery"]
[WhiteFideId "13729390"]
[BlackFideId "2047640"]
[WhiteElo "1921"]
[BlackElo "2714"]
[Result "0-1"]
[Round "01"]
[TimeControl "180+1"]
[Date "2022.06.07"]
[WhiteClock "0:00:02"]
[BlackClock "0:01:42"]

1. e4 g6 2. d4 Bg7 3. Nc3 a6 4. Be3 b5 5. a4 b4 6. Nd5 Bb7 7. Nxb4 Bxe4 8. Nf3 a5 9. Nd3 Nf6 10. Be2 O-O 11. O-O d6 12. c4 Na6 13. Nd2 Bxd3 14. Bxd3 Nb4 15. Bb1 c6 16. Re1 Rb8 17. f3 Re8 18. Bf2 Qc7 19. Ne4 Nxe4 20. fxe4 c5 21. b3 cxd4 22. Bxd4 Bxd4+ 23. Qxd4 Nc6 24. Qc3 Qb6+ 25. Kh1 Qxb3 26. Qd2 Qb2 27. Bc2 Nd4 28. Rad1 Nxc2 29. Re2 Rb4 30. Qxc2 Qxc2 31. Rxc2 Rc8 32. Rdc1 Rxa4 33. Kg1 Rc5 34. Kf2 Kg7 35. Ke3 Ra3+ 36. Rc3 Rxc4 37. Rxa3 Rxc1 38. Rxa5 Rc2 39. Kf3 Kf6 40. Rd5 h5 41. h3 Rc3+ 42. Kf2 Ke6 43. Rd2 Ke5 44. Re2 Rc4 45. Kf3 g5 46. Re3 g4+ 47. hxg4 hxg4+ 48. Kf2 Rxe4 49. Ra3 d5 50. Ra7 Kf4 51. Rd7 g3+ 52. Kf1 Re5 53. Rd8 Ke3 54. Rf8 Rh5 55. Rxf7 Rh1# 0-1


[Site "https://www.chess.com"]

[Event "Titled Tuesday Blitz June 07 Early 2022"]
[White "Omariev, Maksim"]
[Black "Sarana, Alexey"]
[WhiteFideId "4193423"]
[BlackFideId "24133795"]
[WhiteElo "2536"]
[BlackElo "2666"]
[Result "0-1"]
[Round "01"]
[TimeControl "180+1"]
[Date "2022.06.07"]
[WhiteClock "0:00:02"]
[BlackClock "0:01:35"]

1. g4 d5 2. Bg2 c6 3. h3 h5 4. g5 e5 5. d4 Nd7 6. dxe5 Nxe5 7. Nf3 Bd6 8. Nbd2 Ne7 9. Nxe5 Bxe5 10. Nf3 Bc7 11. Qd4 Nf5 12. Qa4 O-O 13. Bf4 b5 14. Bxc7 Qxc7 15. Qa3 a5 16. Qc5 Re8 17. e3 Qd6 18. Qxd6 Nxd6 19. Nd4 Bd7 20. O-O-O a4 21. a3 h4 22. c3 g6 23. Rhg1 Kg7 24. Ne2 Ne4 25. Bxe4 Rxe4 26. Nf4 Rae8 27. Rd4 R8e5 28. Rxe4 Rxe4 29. Kd2 Bf5 30. f3 Re8 31. Ke2 f6 32. gxf6+ Kxf6 33. Kf2 Re7 34. Rh1 g5 35. Ne2 c5 36. f4 Rg7 37. fxg5+ Rxg5 38. Nf4 Ke5 39. Rg1 Rxg1 40. Kxg1 d4 41. cxd4+ cxd4 42. Kf2 Ke4 43. Ne2 dxe3+ 44. Kg2 Kd3 45. Nc3 Kd2 46. Nxb5 e2 47. Nd4 Be4+ 48. Kf2 e1=Q# 0-1


[Site "https://www.chess.com"]